 Dungeon Crawl Stone Soup version 0.27-a0-1321-gd358eaa319 (webtiles) character file.

Game seed: 4190805367439911150

316 27snakeeyes612 the Chopper (level 6, -4/56 HPs)
             Began as a Minotaur Berserker on June 22, 2021.
             Was a Believer of Trog.
             Slain by a wyvern (10 damage)
             ... on level 4 of the Dungeon.
             The game lasted 00:01:25 (3515 turns).

27snakeeyes612 the Chopper (Minotaur Berserker)     Turns: 3515, Time: 00:01:26

Health: -4/56      AC: 11    Str: 23    XL:     6   Next: 20%
Magic:  5/5        EV:  7    Int:  4    God:    Trog [**....]
Gold:   72         SH:  0    Dex: 10    Spells: 5/5 levels left

rFire    . . .     SeeInvis .   a - +0 hand axe
rCold    . . .     Faith    .   (no shield)
rNeg     . . .     Spirit   .   g - +0 plate armour
rPois    .         Reflect  .   (helmet restricted)
rElec    .         Harm     .   (no cloak)
rCorr    .         Rampage  .   (no gloves)
Will     ++...                  (no boots)
Stlth    ..........             (no amulet)
HPRegen  1.18/turn              (no ring)
MPRegen  0.09/turn              (no ring)

@: strong-willed (expiring), regenerating (expiring)
A: horns 2, retaliatory headbutt
a: Renounce Religion, Berserk, Trog's Hand


You were on level 4 of the Dungeon.
You worshipped Trog.
Trog was pleased with you.
You visited 1 branch of the dungeon, and saw 4 of its levels.

You collected 72 gold pieces.

Inventory:

Hand Weapons
 a - a +0 hand axe (weapon)
Missiles
 d - 2 boomerangs of dispersal
Armour
 b - a +0 animal skin
 g - a +0 plate armour (worn)
Jewellery
 n - an amulet of magic regeneration
Scrolls
 e - a scroll of fog {unknown}
 h - a scroll of immolation {unknown}
 i - 2 scrolls of teleportation {unknown}
 j - a scroll of blinking {unknown}
 k - a scroll of magic mapping {unknown}
 m - a scroll of noise {unknown}
 o - a scroll of acquirement {unknown}
 p - a scroll of enchant weapon {unknown}
Potions
 c - a potion of lignification {unknown}
 f - a potion of might {unknown}
 l - 2 potions of curing {unknown}


   Skills:
 + Level 5.2 Fighting
 + Level 5.3 Axes
 + Level 4.3 Armour
 + Level 4.0 Dodging


You had 5 spell levels left.
You didn't know any spells.
Your spell library was empty.

Dungeon Overview and Level Annotations

Branches:
Dungeon (4/15)
 Temple: D:4-7

Altars:
Okawaru

Annotations:
D:3 2 transporters, Fama's ghost, weakling PaWr


Innate Abilities, Weirdness & Mutations

You have a pair of horns on your head.
You reflexively headbutt those who attack you in melee.


Message History

An orc comes into view. It is wielding a +0 hand axe.
You hear a shout!
You hear a shout!
An orc priest comes into view. It is wielding a +0 dagger.
The wyvern bites you.
You hit the wyvern.
The wyvern is moderately wounded.
The wyvern barely misses you.
An adder skeleton comes into view.
The wyvern bites you but does no damage.
You hit the wyvern.
The wyvern is heavily wounded.
The orc priest invokes the aid of Beogh against you.
Beogh smites you! The wyvern bites you!
You hear a shout!
You barely miss the wyvern.
The wyvern is heavily wounded.
You slash the orc!
You kill the orc!
Trog accepts your kill. The wyvern closely misses you.
The wyvern bites you but does no damage.
You completely miss the wyvern.
The wyvern is heavily wounded.
The wyvern bites you!
You are too injured to fight recklessly!
The wyvern bites you.
* * * LOW HITPOINT WARNING * * *
The wyvern bites you!
* * * LOW HITPOINT WARNING * * *
Your skin crawls.
You feel strong-willed.
The wyvern bites you but does no damage.
The wyvern barely misses you. You furiously retaliate!
You headbutt the wyvern!
The orc priest looks satisfied for a moment.
The wyvern bites you!
* * * LOW HITPOINT WARNING * * *
You feel the effects of Trog's Hand fading.
The wyvern bites you!
You die...

.........) .#
#.......)##...#
#...........# ##.###.###.##
#..###o# #..Z...#
#..#######
#.#..###l.......#.# ##.
#.#(.#.@.######...##..
#..........# ....#
##.#...###.######..##
+(..................###
+....########...[......
#.........#####...####
#...............####... ##
#++###.#..................#
#.
#..##.###...........#######


You could see a wyvern and an adder skeleton.

Vanquished Creatures
  A phantom (D:4)
  A centaur skeleton (D:4)
  2 orc priests (D:3)
  A hound (D:4)
  An iguana (D:2)
  2 adders (D:2)
  A worm (D:2)
  8 orcs
  4 ball pythons
  8 bats
  6 endoplasms
  2 giant cockroaches (D:2)
  5 goblins
  8 hobgoblins
  6 jackals (D:2)
  A quokka (D:2)
  2 frilled lizards
  7 kobolds
  A rat (D:2)
67 creatures vanquished.

Notes
Turn   | Place    | Note
-------+----------+-------------------------------------------
     0 | D:1      | 27snakeeyes612 the Minotaur Berserker began the quest for
                  | the Orb.
     0 | D:1      | Reached XP level 1. HP: 19/19 MP: 0/0
   352 | D:1      | Reached XP level 2. HP: 27/27 MP: 1/1
  1255 | D:2      | Found an iron altar of Okawaru.
  1575 | D:2      | Reached XP level 3. HP: 33/33 MP: 2/2
  1587 | D:2      | Found a faded altar of an unknown god.
  1685 | D:2      | Reached ** piety under Trog
  2150 | D:2      | Reached XP level 4. HP: 27/41 MP: 3/3
  2875 | D:3      | Reached XP level 5. HP: 46/47 MP: 4/4
  2944 | D:3      | Found a transporter.
  2947 | D:3      | Noticed Fama's ghost (weakling PaWr)
  2960 | D:3      | Found a transporter.
  3297 | D:4      | Reached skill level 5 in Axes
  3342 | D:4      | Reached skill level 5 in Fighting
  3369 | D:4      | Noticed a phantom
  3386 | D:4      | Killed a phantom
  3387 | D:4      | Reached XP level 6. HP: 42/56 MP: 5/5
  3501 | D:4      | Noticed a wyvern
  3515 | D:4      | Slain by a wyvern

Illustrated notes

Levels and vault maps discovered:
D:1:      minmay_arrival_open_corners, layout_basic
D:2:      layout_basic, basic_altar, ebering_ecumenical_altar_abandoned
D:3:      layout_loops_corners, gammafunk_ghost_stat_death, minmay_misc_feat_chi
D:4:      layout_rooms, kennysheep_generic_room_15

Skill      XL: |  1  2  3  4  5 |
---------------+----------------+-----
Axes           | 4 5 |  5.3
Fighting       | 4 5 |  5.2
Armour         | 3 4 |  4.3
Dodging        | 3 4 |  4.0

Action                   |  1- 3 |  4- 6 || total
-------------------------+-------+-------++-------
Melee: Hand axe          |    99 |    77 ||   176
       Headbutt          |     8 |    12 ||    20
Invok: Berserk           |     2 |       ||     2
       Trog's Hand       |       |     1 ||     1
 Stab: Sleeping          |     1 |       ||     1
Armor: Animal skin       |    12 |       ||    12
       Plate armour      |    39 |    38 ||    77
Dodge: Dodged            |    62 |    34 ||    96

Table legend: (Time is in decaauts)
 A = Elapsed time spent in this place.
 B = Non-inter-level travel time spent in this place.
 C = Inter-level travel time spent in this place.
 D = Time resting spent in this place.
 E = Time spent auto-exploring this place.
 F = Levels seen in this place.
 G = Mean time per level.
                   A        B        C        D        E       F      G
               +--------+--------+--------+--------+--------+-----+--------+
         Total |   3547 |   3495 |     52 |     98 |   3050 |   4 |  886.8 |
       Dungeon |   3547 |   3495 |     52 |     98 |   3050 |   4 |  886.8 |
               +--------+--------+--------+--------+--------+-----+--------+

Top non-repeatable levels by time:
     D:1: 1268 daAuts
     D:2: 1154 daAuts
     D:3: 893 daAuts
     D:4: 230 daAuts
